 Dungeon Crawl Stone Soup version 0.25.0-46-gbd7b0854d2 (webtiles) character file.

Game seed: 464227393827087794

169 H0rd4k the Insei (level 5, 0/33 HPs)
             Began as an Octopode Transmuter on July 17, 2020.
             Slain by a hound (2 damage)
             ... on level 4 of the Dungeon.
             The game lasted 00:04:00 (3137 turns).

H0rd4k the Insei (Octopode Transmuter)              Turns: 3137, Time: 00:04:00

Health: 0/33       AC:  1    Str: 10    XL:     5   Next: 50%
Magic:  7/8        EV: 14    Int: 16    God:
Gold:   122        SH:  0    Dex: 12    Spells: 2/8 levels left

rFire    . . .     SeeInvis .     - Unarmed
rCold    . . .     Gourm    .   (no shield)
rNeg     . . .     Faith    .   (helmet restricted)
rPois    .         Spirit   .   (no amulet)
rElec    .         Reflect  .   (no ring)
rCorr    .         Harm     .   (no ring)
MR       .....                  (no ring)
Stlth    +++.......             (no ring)
HPRegen  0.11/turn              (no ring)
MPRegen  0.11/turn              (no ring)
                                (no ring)
                                (no ring)

@: appendage
A: almost no armour, stealthy swim, amphibious, 8 rings, constrict 8, tentacle
spike 3, camouflage 1, gelatinous body 1
a: End Transformation


You were on level 4 of the Dungeon.
You were not hungry.
One of your tentacles had a temporary spike.
You visited 1 branch of the dungeon, and saw 4 of its levels.

You collected 122 gold pieces.

Inventory:

Missiles
 a - 12 arrows
Jewellery
 e - an uncursed amulet of the acrobat {unknown}
Scrolls
 b - 3 scrolls of identify {unknown}
 f - a scroll of amnesia {unknown}
 g - a scroll of fear {unknown}
 i - a scroll of teleportation {unknown}
 k - 2 scrolls of magic mapping {unknown}
 l - a scroll of immolation {unknown}
 m - a scroll of remove curse {unknown}
 r - a scroll of random uselessness {unknown}
Potions
 d - a potion of stabbing {unknown}
 h - a potion of degeneration {unknown}
 j - a potion of flight {unknown}
 n - a potion of berserk rage {unknown}
 o - a potion of invisibility {unknown}
 q - a potion of curing {unknown}
Comestibles
 c - 4 rations


   Skills:
 + Level 1.3 Fighting
 + Level 2.6 Dodging
 + Level 3.1 Stealth
 + Level 4.5 Unarmed Combat
 + Level 2.4 Spellcasting
 + Level 2.3 Transmutations


You had 2 spell levels left.
You knew the following spells:

 Your Spells              Type           Power        Failure   Level  Hunger
a - Beastly Appendage     Tmut           #.....       8%          1    #......
b - Sticks to Snakes      Tmut           #.......     11%         2    ###....
c - Spider Form           Tmut/Pois      #.........   36%         3    ###....

Your spell library contained the following spells:

 Spells                   Type           Power        Failure   Level  Hunger
 Animate Skeleton         Necr           N/A          21%         1    #......
 Apportation              Tloc           #.....       21%         1    #......
 Corona                   Hex            #......      21%         1    #......
 Summon Small Mammal      Summ           #...         21%         1    #......
 Ice Form                 Ice/Tmut       #.......     77%         4    #####..
 Blade Hands              Tmut           #.........   90%         5    ######.


Dungeon Overview and Level Annotations

Branches:
Dungeon (4/15)
 Temple: D:4-7

Altars:

Annotations:
D:2 Sigmund
D:3 exclusion: upstairs, Grinder


Innate Abilities, Weirdness & Mutations

You cannot wear most types of armour.
You are very stealthy in the water. (Stealth+)
You are amphibious.
You can wear up to eight rings at the same time.
You can use your tentacles to constrict eight enemies at once.
Your skin changes colour to match your surroundings (Stealth+).
Your rubbery body absorbs attacks. (AC +1, EV +1)
One of your tentacles bears a large vicious spike.


Message History

The hound barks!
You hear a shout!
Found a stone staircase leading down.
Found a scroll labeled BORGHU CAECAO.
An orc comes into view. It is wielding a +0 whip.
Casting: Beastly Appendage (safe; 8% risk of failure)
Confirm with . or Enter, or press ? or * to list all spells.
One of your tentacles grows a vicious spike.
The hound bites you.
You closely miss the hound. Your grab misses the hound.
Your tentacle spike misses the hound.
Your tentacle-slap misses the hound.
Your squeeze misses the hound. The hound bites you but does no damage.
The hound bites you.
* * * LOW HITPOINT WARNING * * *
You tentacle-slap the hound but do no damage.
Your grab misses the hound. Your squeeze misses the hound. The hound bites you.
* * * LOW HITPOINT WARNING * * *
You closely miss the hound. Your grab misses the hound.
Your tentacle spike misses the hound.
Your squeeze misses the hound. The hound bites you.
You die...

##..###...>
..
.........
.. ...##..
.. #..##.#
#. #..##.##
#. #..#...#
#.
#...###o#
#.###..##
#.#
#.@ho..# o#
######.# #
##.# #..
###


You could see a hound and an orc.

Vanquished Creatures
  An orc priest (D:3)
  A worker ant zombie (D:2)
  4 gnolls (D:3)
  An adder (D:2)
  An ooze (D:3)
  2 worms (D:2)
  A dart slug (D:2)
  2 leopard geckos
  5 orcs (D:3)
  8 bats
  4 giant cockroaches
  6 goblins
  10 hobgoblins
  2 jackals (D:1)
  A ball python (D:2)
  3 frilled lizards
  4 kobolds
  7 rats
63 creatures vanquished.

Notes
Turn   | Place    | Note
-------+----------+-------------------------------------------
     0 | D:1      | H0rd4k the Octopode Transmuter began the quest for the Orb.
     0 | D:1      | Reached XP level 1. HP: 13/13 MP: 3/3
   194 | D:1      | Reached XP level 2. HP: 17/18 MP: 5/5
   963 | D:1      | You fall into a shaft and drop 1 floor!
  1046 | D:2      | Reached XP level 3. HP: 22/23 MP: 6/6
  1050 | D:2      | Learned a level 2 spell: Sticks to Snakes
  1054 | D:2      | Learned a level 3 spell: Spider Form
  1811 | D:2      | Noticed Sigmund
  2053 | D:2      | Reached skill level 1 in Stealth
  2292 | D:2      | Reached XP level 4. HP: 24/28 MP: 5/7
  2620 | D:3      | Reached skill level 4 in Unarmed Combat
  2633 | D:3      | Reached XP level 5. HP: 13/33 MP: 8/8
  3076 | D:3      | Noticed Grinder
  3137 | D:4      | Slain by a hound

Illustrated notes

Levels and vault maps discovered:
D:1:      eino_arrival_water_star, layout_basic, minmay_crystal_room
D:2:      layout_loops_corners, minmay_misc_feat_hallway, grunt_ministairs_1,
          uniq_sigmund
D:3:      layout_basic, corexii_shack, dk_noncrumbling_2, uniq_grinder
D:4:      layout_loops_ring, nicolae_overflow_hidden_temple, kennysheep_mini,
          first_ration

Skill      XL: |  1  2  3  4  5 |
---------------+----------------+-----
Stealth        | 1 2 3 |  3.1
Unarmed Combat | 4 |  4.5
Fighting       | |  1.3
Dodging        | |  2.6
Spellcasting   | |  2.4
Transmutations | |  2.3

Action                   |  1- 3 |  4- 6 || total
-------------------------+-------+-------++-------
Melee: Unarmed           |   103 |    51 ||   154
       Constrict         |    29 |    14 ||    43
       Tentacles         |    12 |     7 ||    19
       Kick              |     6 |    12 ||    18
       Punch             |     2 |     3 ||     5
 Cast: Beastly Appendage |     4 |     6 ||    10
 Stab: Sleeping          |    12 |     3 ||    15
  Eat: Chunk             |     4 |     3 ||     7
Armor: Skin              |    12 |     2 ||    14
Dodge: Dodged            |    71 |    32 ||   103
